 Dungeon Crawl Stone Soup version 0.29.0-4-gdea44cf6ec (webtiles) character file.

Game seed: 9027070682340156373

75 qw the Chopper (level 4, 0/44 HPs)
             Began as an Ogre Enchanter on Sept 3, 2022.
             Succumbed to an adder's poison
             ... on level 2 of the Dungeon.
             The game lasted 00:01:26 (2675 turns).

qw the Chopper (Ogre Enchanter)                     Turns: 2675, Time: 00:01:27

Health: 0/44       AC:  3    Str: 14    XL:     4   Next: 31%
Magic:  7/7        EV:  9    Int: 16    God:
Gold:   84         SH:  0    Dex:  9    Spells: 7/7 levels left

rFire   . . .      SeeInvis .   Y - +0 hand axe
rCold   . . .      Faith    .   (no shield)
rNeg    . . .      Spirit   .   b - +0 robe
rPois   .          Reflect  .   (helmet restricted)
rElec   .          Harm     .   (no cloak)
rCorr   .          Rampage  .   (gloves unavailable)
Will    .....                   (boots unavailable)
Stlth   ++........              (no amulet)
HPRegen 0.14/turn               (no ring)
MPRegen 0.10/turn               (no ring)

@: lethally poisoned (0 -> -1)
A: large, unfitting armour, tough skin 1
a: no special abilities


You were on level 2 of the Dungeon.
You visited 1 branch of the dungeon, and saw 2 of its levels.

You collected 84 gold pieces.


Innate Abilities, Weirdness & Mutations

You are too large for most types of armour.
You have tough skin. (AC +1)


   Skills:
 + Level 2.5 Fighting
 - Level 0.8 Short Blades
 - Level 3.1 Axes
 - Level 1.7 Dodging
 - Level 2.1 Stealth
 - Level 2.4 Spellcasting
 - Level 2.6 Hexes


You had 7 spell levels left.
You didn't know any spells.
Your spell library contained the following spells:

 Spells                   Type           Power      Damage    Failure   Level
 Ensorcelled Hibernation  Hex/Ice        12%        N/A       17%         2
 Confusing Touch          Hex            10%        N/A       21%         3
 Tukima's Dance           Hex            10%        N/A       21%         3
 Dazzling Flash           Conj/Hex       12%        N/A       34%         3

Inventory:

Hand Weapons
 a - a +0 club
 Y - a +0 hand axe (weapon)
Armour
 b - a +0 robe (worn)
 c - the +0 cloak "Neqabas" {*Slow rElec SInv}
   (You found it on level 2 of the Dungeon)

   rElec:     It insulates you from electricity.
   SInv:      It lets you see invisible.
   *Slow:     It may slow you when you take damage.
Scrolls
 k - a scroll of identify
Potions
 d - a potion of heal wounds {unknown}
 e - a potion of flight {unknown}
 j - a potion of curing {unknown}

Dungeon Overview and Level Annotations

Branches:
Dungeon (2/15)

Altars:

Shops:
D:1 *


Message History

You feel sick. The adder completely misses you. The adder bites you.
You barely miss the adder.
The adder is severely wounded.
You feel sick.
You are no longer poisoned.
The adder bites you but does no damage.
You closely miss the adder.
The adder is severely wounded.
The adder misses you. The adder bites you.
You hit the adder but do no damage.
The adder is severely wounded.
The adder barely misses you.
You miss the adder.
The adder is severely wounded.
The adder barely misses you. The adder bites you but does no damage.
You hit the adder but do no damage.
The adder is severely wounded.
The adder barely misses you.
You closely miss the adder.
The adder is severely wounded.
The adder bites you. x2
You are poisoned.
The adder poisons you!
You miss the adder.
The adder is severely wounded.
You feel sick. The adder barely misses you.
The adder bites you but does no damage.
You barely miss the adder.
The adder is severely wounded.
You feel sick. The adder bites you.
You barely miss the adder.
The adder is severely wounded.
You feel sick. The adder bites you. The adder barely misses you.
You hit the adder.
You kill the adder!
You feel sick.
There is a lethal amount of poison in your body!
You feel sick.
There is a lethal amount of poison in your body!
You die...

#..##..#.##### #(
##...#.#...... #.
###....>##### #.
###.#.#<..# #.
#.#.#.### #. #.#.#.# #
#. #.#.#.# #
...###)#########.#.#.#
#
...'..%@.........#.#.#
#
...##.############.#.#
# # #.# # #.### #....
#####


There were no monsters in sight!

Vanquished Creatures
  A gnoll (D:2)
  3 adders (D:2)
  A dart slug (D:1)
  An endoplasm (D:2)
  2 giant cockroaches (D:2)
  3 hobgoblins
  4 jackals
  5 kobolds
  3 ball pythons
  2 bats (D:1)
  A frilled lizard (D:2)
  6 goblins
  4 rats
36 creatures vanquished.

Notes
Turn   | Place    | Note
-------+----------+-------------------------------------------
     0 | D:1      | qw the Ogre Enchanter began the quest for the Orb.
     0 | D:1      | Reached XP level 1. HP: 16/16 MP: 3/3
     0 | D:1      | 0 ||| qw: Version: 0.1-a-102-g441f92d
     0 | D:1      | 0 ||| qw: Game counter: 5088
     0 | D:1      | 0 ||| qw: Always use a shield: true
     0 | D:1      | 0 ||| qw: God list: Okawaru
     0 | D:1      | 0 ||| qw: Allow faded altars: false
     0 | D:1      | 0 ||| qw: Do Orc after D:15 true
     0 | D:1      | 0 ||| qw: Do second Lair branch before Depths: true
     0 | D:1      | 0 ||| qw: Lair rune preference: random
     0 | D:1      | 0 ||| qw: Plans: Normal
     0 | D:1      | 0 ||| PLANNING D:1-11
    86 | D:1      | 86 ||| Stepping ~*~*~tactically~*~*~ (stealth).
    88 | D:1      | 88 ||| Stepping ~*~*~tactically~*~*~ (stealth).
    90 | D:1      | 90 ||| Stepping ~*~*~tactically~*~*~ (stealth).
   103 | D:1      | HP: 3/16 [hobgoblin (4)]
   108 | D:1      | Reached skill level 1 in Axes
   109 | D:1      | 109 ||| Stepping ~*~*~tactically~*~*~ (stealth).
   125 | D:1      | HP: 2/18 [rat (2)]
   129 | D:1      | Reached skill level 1 in Fighting
   160 | D:1      | Reached XP level 2. HP: 7/27 MP: 5/5
   384 | D:1      | 384 ||| Stepping ~*~*~tactically~*~*~ (stealth).
   385 | D:1      | 385 ||| SWAPPING to +0 short sword.
   386 | D:1      | 386 ||| DROPPING +1 dagger.
   388 | D:1      | 388 ||| Stepping ~*~*~tactically~*~*~ (hiding).
   415 | D:1      | Found a faded altar of an unknown god.
   603 | D:1      | 603 ||| SWAPPING to +0 spear.
   604 | D:1      | 604 ||| DROPPING +0 short sword.
   926 | D:1      | Reached skill level 2 in Axes
  1063 | D:1      | Found Dacvack's Assorted Antiques.
  1065 | D:1      | 1065 ||| SWAPPING to +0 hand axe.
  1066 | D:1      | 1066 ||| DROPPING +0 spear.
  1070 | D:1      | 1070 ||| SHOPLISTING orange potion (26 gold, have 17).
  1070 | D:1      | 1070 ||| SHOPLISTING scroll labelled HOIG TAKUZUOST (29
                  | gold, have 17).
  1070 | D:1      | 1070 ||| SHOPLISTING scroll labelled PUSIUS APRUAJY (29
                  | gold, have 17).
  1446 | D:1      | 1446 ||| READING 5 scrolls labelled PUSIUS APRUAJY.
  1447 | D:1      | 1447 ||| READING scroll labelled CONKE EHIERGH.
  1452 | D:1      | 1452 ||| READING scroll labelled YVEFIUQINE.
  1453 | D:1      | 1453 ||| READING 4 scrolls of identify.
  1453 | D:1      | 1453 ||| IDENTIFYING murky pink potion
  1454 | D:1      | 1454 ||| READING 3 scrolls of identify.
  1454 | D:1      | 1454 ||| IDENTIFYING metallic grey potion
  1455 | D:1      | 1455 ||| READING 2 scrolls of identify.
  1455 | D:1      | 1455 ||| IDENTIFYING lumpy coppery potion
  1456 | D:1      | 1456 ||| DROPPING 2 potions of invisibility.
  1457 | D:1      | 1457 ||| DROPPING potion of berserk rage.
  1458 | D:1      | 1458 ||| DROPPING potion of ambrosia.
  1459 | D:1      | 1459 ||| DROPPING potion of degeneration.
  1545 | D:2      | 1545 ||| Stepping ~*~*~tactically~*~*~ (stealth).
  1547 | D:2      | 1547 ||| Stepping ~*~*~tactically~*~*~ (stealth).
  1560 | D:2      | Reached XP level 3. HP: 17/35 MP: 6/6
  2032 | D:2      | 2032 ||| Stepping ~*~*~tactically~*~*~ (stealth).
  2033 | D:2      | 2033 ||| Stepping ~*~*~tactically~*~*~ (stealth).
  2042 | D:2      | 2042 ||| Stepping ~*~*~tactically~*~*~ (stealth).
  2052 | D:2      | 2052 ||| Stepping ~*~*~tactically~*~*~ (stealth).
  2054 | D:2      | 2054 ||| Stepping ~*~*~tactically~*~*~ (stealth).
  2056 | D:2      | 2056 ||| Stepping ~*~*~tactically~*~*~ (stealth).
  2582 | D:2      | Identified the +0 cloak "Neqabas" {*Slow rElec SInv}
  2589 | D:2      | 2589 ||| Stepping ~*~*~tactically~*~*~ (stealth).
  2591 | D:2      | 2591 ||| Stepping ~*~*~tactically~*~*~ (stealth).
  2593 | D:2      | 2593 ||| Stepping ~*~*~tactically~*~*~ (stealth).
  2649 | D:2      | 2649 ||| Stepping ~*~*~tactically~*~*~ (hiding).
  2660 | D:2      | Reached skill level 3 in Axes
  2660 | D:2      | Reached XP level 4. HP: 24/42 MP: 7/7
  2669 | D:2      | HP: 10/42 [adder (3)]
  2672 | D:2      | HP: 3/42 [adder (3)]
  2674 | D:2      | HP: 1/44 [poisoned by an adder]
  2675 | D:2      | Succumbed to an adder's poison

Levels and vault maps discovered:
D:1:      amcnicky_arrival_wind_blow, layout_basic,
          shapermc_ecumenical_altar_starsandcircs, serial_shops,
          nicolae_shop_competitors_out_of_business
D:2:      layout_basic, chequers_mini_garden

Skill      XL: |  1  2  3 |
---------------+----------+-----
Axes           | 1 2 3 |  3.1
Fighting       | 1 2 |  2.5
Short Blades   | |  0.8
Dodging        | |  1.7
Stealth        | |  2.1
Spellcasting   | |  2.4
Hexes          | |  2.6

Action                   |  1- 3 |  4- 6 || total
-------------------------+-------+-------++-------
Melee: Dagger            |    38 |       ||    38
       Punch             |     2 |       ||     2
       Spear             |    22 |       ||    22
       Short sword       |    18 |       ||    18
       Hand axe          |    96 |    14 ||   110
  Use: Scroll            |     6 |       ||     6
 Stab: Sleeping          |     1 |       ||     1
Armor: Robe              |    59 |     3 ||    62
Dodge: Dodged            |    79 |     9 ||    88

Table legend:
 A = Non-vault XP
 B = Vault XP
 C = Vault XP percentage of total XP
 D = Non-vault monster count
 E = Vault monster count
 F = Vault count percentage of total count
                 A         B        C        D         E       F
            +---------+---------+-------+---------+---------+-------
      Total |     108 |       0 |   0.0 |      36 |       0 |   0.0
            +---------+---------+-------+---------+---------+-------
        D:1 |      28 |       0 |   0.0 |      16 |       0 |   0.0
        D:2 |      80 |       0 |   0.0 |      20 |       0 |   0.0
            +---------+---------+-------+---------+---------+-------
